 Dungeon Crawl Stone Soup version 0.25-a0-447-gff83419037 (webtiles) character file.

Game seed: 18368137275691042209, levelgen mode: deterministic

2 Erk the Magician (level 1, -1/11 HPs)
             Began as an Octopode Wizard on Jan 31, 2020.
             Slain by a quokka (4 damage)
             ... on level 1 of the Dungeon.
             The game lasted 00:00:29 (239 turns).

Erk the Magician (Octopode Wizard)                   Turns: 239, Time: 00:00:30

Health: -1/11      AC:  1    Str:  6    XL:     1   Next: 30%
Magic:  4/4        EV: 13    Int: 20    God:
Gold:   0          SH:  0    Dex: 10    Spells: 5/6 levels left

rFire    . . .     SeeInvis .   (no weapon)
rCold    . . .     Gourm    .   (no shield)
rNeg     . . .     Faith    .   a - +0 hat
rPois    .         Spirit   .   (no amulet)
rElec    .         Reflect  .   (no ring)
rCorr    .         Harm     .   (no ring)
MR       .....                  (no ring)
Stlth    +++.......             (no ring)
HPRegen  0.03/turn              (no ring)
MPRegen  0.09/turn              (no ring)
                                (no ring)
                                (no ring)

@: no status effects
A: almost no armour, stealthy swim, amphibious, 8 rings, constrict 8, camouflage
1, gelatinous body 1
a: no special abilities


You were on level 1 of the Dungeon.
You were not hungry.

You visited 1 branch of the dungeon, and saw 1 of its levels.

Inventory:

Armour
 a - a +0 hat (worn)
Potions
 b - a potion of curing {unknown}
 d - a potion of agility {unknown}
 e - a potion of cancellation {unknown}
Comestibles
 c - a ration


   Skills:
 - Level 2.0 Dodging
 + Level 3.0 Stealth
 - Level 3.0 Spellcasting
 - Level 1.0 Conjurations
   Level 1.0 Summonings
   Level 1.0 Translocations


You had 5 spell levels left.
You knew the following spells:

 Your Spells              Type           Power        Failure   Level  Hunger
a - Magic Dart            Conj           #...         10%         1    None

Your spell library contained the following spells:

 Spells                   Type           Power        Failure   Level  Hunger
 Blink                    Tloc           N/A          14%         2    ##.....
 Call Imp                 Summ           #.......     14%         2    ##.....
 Slow                     Hex            #.......     22%         2    ##.....
 Conjure Flame            Conj/Fire      #.......     34%         3    ###....
 Mephitic Cloud           Conj/Pois/Air  #.......     36%         3    ###....


Dungeon Overview and Level Annotations

Branches:
Dungeon (1/15)

Altars:


Innate Abilities, Weirdness & Mutations

You cannot wear most types of armour.
You are very stealthy in the water. (Stealth+)
You are amphibious.
You can wear up to eight rings at the same time.
You can use your tentacles to constrict eight enemies at once.
Your skin changes colour to match your surroundings (Stealth+).
Your rubbery body absorbs attacks. (AC +1, EV +1)


Message History

You open the door.
A quokka comes into view.
There is an open door here.
The helpless quokka fails to defend itself.
You tentacle-slap the quokka but do no damage.
You grab the quokka.
You constrict the quokka, but do no damage.
The quokka bites you.
You tentacle-slap the quokka but do no damage.
You constrict the quokka. The quokka bites you.
* * * LOW HITPOINT WARNING * * *
You tentacle-slap the quokka.
The quokka is severely wounded.
You constrict the quokka, but do no damage.
The quokka barely misses you.
You tentacle-slap the quokka.
The quokka is almost dead.
You constrict the quokka, but do no damage.
The quokka bites you.
You die...

######.# ##......#
#..#
#######.#######
#r#.#.#.#.#.#.#
#@#'#†#'#'#'#†#
##.#.#.#.#.#.#.####
+.......<.......'.#
##.#.#.#.#.#.#.####
#'#'#†#+#'#'#'#
#.#.#.# #.#.#.#
####### #######


You could see a quokka.

Vanquished Creatures
  3 rats (D:1)
3 creatures vanquished.

Notes
Turn   | Place    | Note
-------+----------+-------------------------------------------
     0 | D:1      | Erk the Octopode Wizard began the quest for the Orb.
     0 | D:1      | Reached XP level 1. HP: 11/11 MP: 4/4
   239 | D:1      | Slain by a quokka

Levels and vault maps discovered:
D:1:      onia_arrival_larder, layout_loops_ring, kennysheep_another_room,
          dk_noncrumbling_3

Skill      XL: |  1 |
---------------+----+-----
Stealth        | 3 |  3.0
Dodging        | |  2.0
Spellcasting   | |  3.0
Conjurations   | |  1.0
Summonings     | |  1.0
Translocations | |  1.0

Action                   || total
-------------------------++-------
Melee: Unarmed           ||    13
       Constrict         ||     4
 Stab: Sleeping          ||     1
Dodge: Dodged            ||     3

Table legend:
 A = Non-vault XP
 B = Vault XP
 C = Vault XP percentage of total XP
 D = Non-vault monster count
 E = Vault monster count
 F = Vault count percentage of total count
                 A         B        C        D         E       F
            +---------+---------+-------+---------+---------+-------
      Total |       0 |       3 | 100.0 |       0 |       3 | 100.0
            +---------+---------+-------+---------+---------+-------
        D:1 |       0 |       3 | 100.0 |       0 |       3 | 100.0
            +---------+---------+-------+---------+---------+-------
